AoeStats
← Vinz Clortho

Arena

506021009Analyzed
2v2 RM · 19d ago on Sep 12, 2026· 61m 57s· 4 players
Game mode
Random Map
Map size
Medium (4 player)
Population
200
Speed
Normal
Resources
Standard
Victory
Conquest
Starting age
Dark Age
Ending age
Imperial Age
RankedLock teamsTeams togetherTeam positionsShared explorationLock speedFull tech treeHidden civsTurbo modeCheats
Victory
Defeat
🇦🇺 Dravidians · Australia
872
+13
🇦🇷 Teutons · Argentina
847
+14
🇺🇸 Hindustanis · United States
839
-22
🇺🇸 Goths · United States
789
-13
James
11:52 Feudal Age
16:02 Castle Age
14:10 Double-Bit Axe
14:16 Horse Collar
17:08 Bow Saw
17:02 Heavy Plow
22:59 Wheelbarrow
23:45 Gold Mining
23:45 Stone Mining
30:41 Imperial Age
29:16 Fletching
29:26 Padded Archer Armor
29:49 Stone Mining
30:16 Hand Cart
29:46 Town Watch
30:30 Thumb Ring
30:22 Light Cavalry
31:54 Ballistics
32:35 Chemistry
33:04 Medical Corps
34:34 Elite Elephant Archer
35:29 Scale Barding Armor
35:20 Bodkin Arrow
35:54 Leather Archer Armor
35:49 Forging
39:51 Iron Casting
39:53 Chain Barding Armor
41:39 Blast Furnace
41:10 Bracer
41:25 Heavy Scorpion
l.abernardi93
10:17 Feudal Age
10:51 Double-Bit Axe
17:27 Castle Age
16:07 Stone Mining
16:11 Gold Mining
16:04 Horse Collar
17:53 Fletching
18:47 Wheelbarrow
21:31 Wheelbarrow
21:09 Bow Saw
23:13 Hand Cart
24:49 Heavy Plow
29:04 Imperial Age
26:35 Elite Skirmisher
27:13 Bodkin Arrow
28:31 Stone Shaft Mining
27:59 Padded Archer Armor
29:12 Leather Archer Armor
31:15 Ring Archer Armor
33:09 Bloodlines
33:42 Forging
32:56 Cavalier
34:30 Scale Barding Armor
36:19 Paladin
40:35 Chain Barding Armor
46:53 Chemistry
48:56 Plate Barding Armor
53:32 Iron Casting
Pinhead Larry
10:54 Feudal Age
11:21 Horse Collar
17:43 Castle Age
18:24 Double-Bit Axe
18:42 Heavy Plow
23:05 Wheelbarrow
23:40 Anarchy
24:45 Gold Mining
25:03 Stone Mining
25:34 Forging
27:36 Iron Casting
28:41 Hand Cart
28:31 Scale Mail Armor
31:06 Anarchy
31:24 Chain Mail Armor
31:19 Squires
31:23 Town Watch
31:25 Loom
32:23 Stone Shaft Mining
32:22 Town Patrol
36:10 Imperial Age
36:12 Elite Huskarl
36:56 Perfusion
38:00 Blast Furnace
37:36 Crop Rotation
37:19 Bow Saw
39:20 Capped Ram
40:05 Pikeman
41:09 Conscription
44:20 Halberdier
50:31 Scale Barding Armor
51:09 Bloodlines
51:01 Husbandry
51:04 Light Cavalry
52:08 Chain Barding Armor
52:41 Hussar
57:01 Elite Skirmisher
Vinz Clortho
11:31 Feudal Age
12:16 Horse Collar
12:27 Double-Bit Axe
19:27 Castle Age
18:37 Bloodlines
18:44 Loom
19:28 Scale Barding Armor
21:42 Chain Barding Armor
22:09 Wheelbarrow
22:44 Heavy Plow
23:58 Forging
25:56 Fervor
26:39 Grand Trunk Road
26:34 Gold Mining
27:20 Hand Cart
28:25 Bow Saw
29:37 Sanctity
30:18 Husbandry
31:13 Iron Casting
32:04 Scale Mail Armor
37:16 Imperial Age
35:06 Chain Mail Armor
37:49 Squires
37:18 Siege Elephant
38:50 Fortified Wall
38:31 Town Watch
38:29 Elite Ghulam
40:17 Conscription
42:33 Blast Furnace
40:55 Pikeman
Connection lost

Rejoining the realm…

Still unreachable

The connection could not be restored.

Session expired

The server has moved on; the page needs a fresh start.